Selects Airborne Battlegroup
Selects Heavy Machine Gun Paradrop
Heavy Machine Gun Paradrop
Selects Smoke Bombing Run
Selects Paratrooper Squad Paradrop
Selects Paratrooper Squad Paradrop
Paratrooper Squad Paradrop
Selects Anti-tank Gun Team Paradrop
Paratrooper Squad Paradrop
Construct Medical Station
M4(105) Sherman Bulldozer
Selects Carpet Bombing Run
Heavy Machine Gun Paradrop
M18 Hellcat Tank Destroyer
Paratrooper Squad Paradrop